[Event "Late-Titled-Tuesday-Blitz-April-02-2024"]
[Site "Chess.com"]
[Date "2024.04.02"]
[Round "11"]
[White "Indefatigable11"]
[Black "cthulhuuu"]
[Result "0-1"]
[WhiteElo "2229"]
[BlackElo "2458"]
[TimeControl "180+1"]
[EndTime "16:03:42 PDT"]
[Termination "cthulhuuu won on time"]

1. d4 Nf6 2. c4 e5 3. dxe5 Ng4 4. Nf3 Bc5 5. e3 Nc6 6. Nc3 O-O 7. Be2 Re8 8. O-O a5 9. b3 Ncxe5 10. Nxe5 Nxe5 11. Bb2 Ra6 12. Nd5 Rh6 13. f4 Ng6 14. Qd2 c6 15.
Qc3 f6 16. Rf3 cxd5 17. cxd5 Qb6 18. Kf2 Nxf4 19. Rc1 d6 20. Bc4 Rxh2 21. Rg1 Nh3+ 22. Kg3 Nxg1 23. Kxh2 Nxf3+ 24. gxf3 Bxe3 25. Qd3 Bg1+ 26. Kh1 Qf2 27. Qd2 Qxd2 28. Kxg1 Re1+ 29. Bf1 Bh3 0-1

[Event "Late-Titled-Tuesday-Blitz-April-02-2024"]
[Site "Chess.com"]
[Date "2024.04.02"]
[Round "11"]
[White "ChessSwole"]
[Black "dolynachess"]
[Result "0-1"]
[WhiteElo "2700"]
[BlackElo "2563"]
[TimeControl "180+1"]
[EndTime "16:03:44 PDT"]
[Termination "dolynachess won by resignation"]

1. d4 Nf6 2. Nc3 d5 3. Bf4 a6 4. e3 g6 5. h4 h5 6. Nf3 Bg7 7. Ne5 c5 8. Be2 Nc6 9. Qd2 cxd4 10. exd4 Bf5 11. f3 Qb6 12. Nxc6 Qxc6 13. Be5 O-O 14.
Rc1 b5 15. Nd1 Rfe8 16. Ne3 Bh6 17. Bd3 Bxd3 18. Qxd3 Nd7 19. O-O Nxe5 20. dxe5 d4 21. f4 dxe3 22. Qxe3 Rad8 23. Qe2 e6 24. c4 b4 25. c5 Rd4 26. Rc4 Red8 27. Rxd4 Rxd4 28. f5 exf5 29. Rd1 Qxc5 30. Rxd4 Qxd4+ 31. Kf1 Qe3 32. Qxa6 Qxe5 33. Qb7 Bd2 34. Kf2 Qe3+ 0-1

[Event "Late-Titled-Tuesday-Blitz-April-02-2024"]
[Site "Chess.com"]
[Date "2024.04.02"]
[Round "11"]
[White "LeninGuerra"]
[Black "BabageldiAnnaberdiyev"]
[Result "1-0"]
[WhiteElo "2721"]
[BlackElo "2597"]
[TimeControl "180+1"]
[EndTime "16:03:45 PDT"]
[Termination "LeninGuerra won by resignation"]

1. e4 e6 2. d4 d5 3. Nd2 Nf6 4. e5 Nfd7 5. Bd3 c5 6. c3 Nc6 7. Ne2 cxd4 8. cxd4 Qb6 9. Nf3 f6 10. exf6 Nxf6 11. O-O Bd6 12. a3 O-O 13. b4 Bd7 14.
Bg5 Rae8 15. Bh4 a6 16. Bg3 Qc7 17. Rc1 Bxg3 18. hxg3 Qd6 19. Re1 Ng4 20. Nf4 g6 21. Bb1 Rxf4 22. gxf4 Qxf4 23. Qd2 Rf8 24. Qxf4 Rxf4 25.
Rcd1 Kg7 26. Rd2 h6 27. Bc2 g5 28. Bd1 Rf5 29. g3 Nf6 30. Kg2 Ne4 31. Rb2 Nc3 32. Bc2 Rxf3 33. Kxf3 Nxd4+ 34. Kg2 Bc6 35. Bd3 Kf6 36. Rc1 Na4 37. Rd2 e5 38. Bc2 Nxc2 39.
Rcxc2 d4+ 40. Kf1 Ke6 41. f4 Bb5+ 42. Kf2 d3 43. Rc7 gxf4 44. gxf4 exf4 45. Rxb7 Nc3 46.
Rxb5 Ne4+ 47. Ke1 Nxd2 48. Rb6+ Kf5 49. Kxd2 h5 50. Kxd3 1-0

[Event "Late-Titled-Tuesday-Blitz-April-02-2024"]
[Site "Chess.com"]
[Date "2024.04.02"]
[Round "11"]
[White "Sanyura"]
[Black "emeli_chess"]
[Result "0-1"]
[WhiteElo "2604"]
[BlackElo "2461"]
[TimeControl "180+1"]
[EndTime "16:03:50 PDT"]
[Termination "emeli_chess won on time"]

1. e4 e5 2. Nf3 Nc6 3. Bb5 a6 4. Ba4 Nf6 5. O-O Nxe4 6. d4 b5 7.
Bb3 d5 8. dxe5 Be6 9. c3 Bc5 10. Nbd2 O-O 11. Bc2 Nxf2 12. Rxf2 f6 13. exf6 Bxf2+ 14. Kxf2 Qxf6 15. Nb3 Ne5 16. Nd4 Bg4 17. h3 Bh5 18. Nf5 Rad8 19. Qd4 Nxf3 20. Qxf6 Rxf6 21. gxf3 Rdf8 22. Ne7+ Kh8 23. f4 Re6 24. Nxd5 Re2+ 25. Kg3 Rxc2 26. Be3 Rxb2 27. Bd4 c6 28. Nc7 Bf7 29.
Re1 Rxa2 30. Re7 a5 31. Rd7 Kg8 0-1

[Event "Late-Titled-Tuesday-Blitz-April-02-2024"]
[Site "Chess.com"]
[Date "2024.04.02"]
[Round "11"]
[White "wild3000"]
[Black "GlavkonVVS"]
[Result "0-1"]
[WhiteElo "2421"]
[BlackElo "2609"]
[TimeControl "180+1"]
[EndTime "16:03:52 PDT"]
[Termination "GlavkonVVS won on time"]

1. e4 Nf6 2. e5 Nd5 3. d4 d6 4.
Nf3 Bg4 5. h3 Bh5 6. g4 Bg6 7.
e6 fxe6 8. c4 Nb6 9. Bd3 Bxd3 10.
Qxd3 Qd7 11. Nc3 Nc6 12. a3 g6 13. Be3 Bg7 14. O-O O-O 15. Ng5 d5 16. c5 Nc4 17.
b3 Nxe3 18. fxe3 e5 19. Rxf8+ Rxf8 20. Rf1 exd4 21. Rxf8+ Bxf8 22. Qf1 e6 23. exd4 Nxd4 24. b4 Qe7 25. Nf3 Bg7 26. Kg2 Nc2 27. Qe2 Bxc3 28. Qxc2 Bf6 29. c6 b6 30. Qd3 Qd6 31. b5 e5 32. Ne1 e4 33. Qe2 Qxa3 34. Nc2 Qc5 35. Ne3 Bd4 36. Nf1 Be5 37. g5 Bf4 38. Qg4 Qd6 39.
Qc8+ Kg7 40. h4 h5 41. Qd7+ Kg8 42. Qe8+ Kg7 43. Qd7+ Kf8 44. Qc8+ Ke7 45. Qg8 Qe6 46. Qg7+ Kd6 47. Qd4 Qe5 48. Qb4+ Ke6 49. Qf8 Qf5 50.
Qc8+ Kd6 51. Qd8+ Kc5 52. Qe7+ Kc4 53. Qf6 Qg4+ 54. Kf2 Qxh4+ 55. Ke2 Qxg5 56. Qb2 Qg2+ 0-1

[Event "Late-Titled-Tuesday-Blitz-April-02-2024"]
[Site "Chess.com"]
[Date "2024.04.02"]
[Round "11"]
[White "subham777"]
[Black "Meri-Arabidze"]
[Result "1-0"]
[WhiteElo "2585"]
[BlackElo "2681"]
[TimeControl "180+1"]
[EndTime "16:03:55 PDT"]
[Termination "subham777 won by resignation"]

1. e4 c5 2. Nf3 e6 3. g3 Nc6 4.
Bg2 d5 5. exd5 exd5 6. O-O Bd6 7. d4 Nge7 8. dxc5 Bxc5 9. Nbd2 O-O 10. Nb3 Bb6 11. c3 Bg4 12. h3 Bh5 13. Re1 Re8 14. Be3 Bc7 15. Nbd4 a6 16. Qd2 Bg6 17. Rad1 Be4 18. Nh2 Bxg2 19. Kxg2 Qd7 20. Nhf3 Rad8 21. Nb3 Nf5 22. Nfd4 Nxe3+ 23. Rxe3 Ne5 24. Rde1 b6 25. Qe2 Rf8 26. a3 h6 27. Qh5 Rde8 28. Rxe5 g6 29. Rxd5 Qxd5+ 30. Qxd5 Rxe1 31. Qc6 Re7 32. h4 Rfe8 33. Nd2 b5 34. Qxa6 Be5 35. Qxb5 Kh7 36.
Nc6 Re6 37. Nxe5 Rxe5 38. Qb7 Re2 39. Qxf7+ Kh8 40. Qxg6 Rf8 41. Qxh6+ Kg8 42. Qg6+ Kh8 43. Qh5+ 1-0

[Event "Late-Titled-Tuesday-Blitz-April-02-2024"]
[Site "Chess.com"]
[Date "2024.04.02"]
[Round "11"]
[White "RaugintaBulba"]
[Black "Tugrik1969"]
[Result "1-0"]
[WhiteElo "2458"]
[BlackElo "2554"]
[TimeControl "180+1"]
[EndTime "16:03:55 PDT"]
[Termination "RaugintaBulba won on time"]

1. d4 d5 2. c4 e6 3. Nf3 Nf6 4. g3 dxc4 5. Qa4+ Nbd7 6. Qxc4 a6 7. Bg2 b5 8. Qc6 Rb8 9. Bf4 Bb7 10. Qxc7 Bb4+ 11. Nbd2 Qxc7 12. Bxc7 Rc8 13. Bf4 Rc2 14. Rb1 O-O 15. O-O Ne4 16. Nxe4 Bxe4 17. Ne5 Bxg2 18. Kxg2 Nxe5 19. dxe5 Rxe2 20. Rfc1 Re4 21. Rc6 h6 22. Kf3 Rd4 23. Rxa6 g5 24. Be3 Rd5 25. Ke4 Rc8 26. b3 Rc2 27. a4 bxa4 28. Rxa4 Bc5 29. Rc4 Rxf2 30. Rxc5 Rxc5 31. Bxc5 Re2+ 32. Be3 Rxh2 33. b4 Rc2 34. b5 Rc7 35. b6 Rb7 36. Ra1 1-0

[Event "Late-Titled-Tuesday-Blitz-April-02-2024"]
[Site "Chess.com"]
[Date "2024.04.02"]
[Round "11"]
[White "Mikhail_Golubev"]
[Black "stasOR4ik"]
[Result "1-0"]
[WhiteElo "2638"]
[BlackElo "2456"]
[TimeControl "180+1"]
[EndTime "16:03:56 PDT"]
[Termination "Mikhail_Golubev won on time"]

1. e4 e6 2. d4 d5 3. e5 c5 4. c3 Nc6 5. Nf3 f6 6. Bd3 fxe5 7. dxe5 Qc7 8. O-O Bd7 9. c4 d4 10. Bg5 Be7 11. Bxe7 Ngxe7 12. Re1 Ng6 13. Nbd2 Ngxe5 14. Nxe5 Nxe5 15. Qh5+ Nf7 16. Ne4 Qe5 17. Qh4 g5 18. Qh5 Rf8 19. Ng3 Qf6 20. Ne4 Qe5 21.
Nc3 Qxe1+ 22. Rxe1 dxc3 23. bxc3 O-O-O 24. Qxh7 Bc6 25.
Be4 Bxe4 26. Qxe4 Rd6 27. h3 Rfd8 28. Kh2 Kc7 29. Qg6 R8d7 30. Rxe6 Rd2 31. Rf6 Ne5 32. Qxg5 Re7 33. Qxd2 1-0

[Event "Late-Titled-Tuesday-Blitz-April-02-2024"]
[Site "Chess.com"]
[Date "2024.04.02"]
[Round "11"]
[White "RodokininEV"]
[Black "AllStarShark"]
[Result "1-0"]
[WhiteElo "2690"]
[BlackElo "2522"]
[TimeControl "180+1"]
[EndTime "16:03:56 PDT"]
[Termination "RodokininEV won on time"]

1. e4 c5 2. Nf3 g6 3. d4 cxd4 4. Qxd4 Nf6 5. Nc3 Nc6 6. Qa4 d6 7. e5 dxe5 8. Nxe5 Bd7 9. Nxd7 Nxd7 10. Be3 Bg7 11. Be2 O-O 12. O-O Qc8 13. Rad1 a6 14. Qh4 Nf6 15. Bf3 Rd8 16. h3 Qc7 17. a3 Rxd1 18.
Rxd1 Rd8 19. Qa4 Rxd1+ 20. Bxd1 e6 21. Bf3 Ne7 22. Qb4 Ned5 23. Nxd5 Nxd5 24. Bxd5 exd5 25. c3 Bf8 26. Qb3 Qc6 27. Bd4 Bg7 28. Qd1 Bxd4 29. Qxd4 Qb5 30. b4 h5 31. h4 Qe2 32. Qxd5 Qe1+ 33.
Kh2 Qxf2 34. Qd4 Qe1 35. c4 b6 36. c5 bxc5 37. bxc5 Qe6 38. a4 Qc6 39. a5 Qb5 40. Qd6 Qc4 41. Qd8+ Kh7 42. Qe7 Qf4+ 43. Kg1 Qd4+ 44.
Kf1 Qd1+ 45. Kf2 Qd2+ 46. Kf3 Qxa5 47. Kf4 Qa4+ 48. Ke5 1-0

[Event "Late-Titled-Tuesday-Blitz-April-02-2024"]
[Site "Chess.com"]
[Date "2024.04.02"]
[Round "11"]
[White "egnfanclub"]
[Black "ploxoi"]
[Result "1-0"]
[WhiteElo "2381"]
[BlackElo "2434"]
[TimeControl "180+1"]
[EndTime "16:03:57 PDT"]
[Termination "egnfanclub won by resignation"]

1. e4 c6 2. d4 d5 3. exd5 cxd5 4. c4 Nf6 5. Nc3 g6 6. cxd5 Nxd5 7. Qb3 Nb6 8. Nf3 Bg7 9. Bb5+ Bd7 10. O-O O-O 11. Bg5 a6 12. Be2 Be6 13. Qa3 Nc6 14. Rad1 Nd5 15. Nxd5 Bxd5 16. Ne5 f6 17. Nxc6 Bxc6 18.
Bc4+ Bd5 19. Qb3 Bxc4 20. Qxc4+ Kh8 21. Be3 Qd6 22. Qc5 Rfd8 23. Rc1 Qxc5 24. Rxc5 Rac8 25.
Rfc1 Rxc5 26. dxc5 Rc8 27. b4 e5 28. a4 Bf8 29. b5 axb5 30. axb5 Kg7 31. c6 bxc6 32.
Rxc6 Rb8 33. b6 f5 34. g3 Kf7 35. Rc7+ Ke6 36. b7 Kd6 37. Rxh7 Kc6 38. Rf7 Bd6 39. Rf6 Rxb7 40. Rxg6 f4 41. gxf4 Kd5 42. fxe5 Bxe5 43. h4 Ke4 44. Kg2 Rh7 45. Rg4+ Kf5 46. Kh3 Rh5 47.
Rg5+ Rxg5 48. hxg5 Kg6 49. Kg4 Bd6 50. f4 Be7 51.
Bd4 Bd8 52. f5+ Kf7 53. Kh5 Kg8 54. Kh6 Kf7 55. g6+ Kg8 56. f6 Kf8 57. Kh7 1-0

[Event "Late-Titled-Tuesday-Blitz-April-02-2024"]
[Site "Chess.com"]
[Date "2024.04.02"]
[Round "11"]
[White "jcmesafischer"]
[Black "sorch29"]
[Result "0-1"]
[WhiteElo "2356"]
[BlackElo "2422"]
[TimeControl "180+1"]
[EndTime "16:03:57 PDT"]
[Termination "sorch29 won on time"]

1. e4 c5 2. Nf3 e6 3. b3 Nf6 4.
Nc3 Nc6 5. Bb2 d5 6. exd5 exd5 7.
Bb5 Bd6 8. Qe2+ Be6 9. g4 O-O 10. Bxc6 bxc6 11. g5 Nh5 12. O-O-O Nf4 13. Qa6 Bg4 14.
Ne1 Bxd1 15. Kxd1 Qc8 16. Qa4 Re8 17. h4 Qg4+ 18. Kc1 Rac8 19. Nd3 Nxd3+ 20. cxd3 Qxa4 21. Nxa4 Re2 22. Rf1 Rce8 23. Kd1 Bf4 24. Bc1 Bd6 25. Ba3 Bf4 26. Bc1 c4 27. bxc4 dxc4 28. dxc4 R2e7 29. Nc3 Be5 30. Kc2 Bd4 31. d3 f6 32. gxf6 gxf6 33.
Ne4 Kf7 34. Bf4 Kg6 35. Nd6 Rd8 36. Ne4 Kh5 37. Ng3+ Kg4 38. Bd2 Kf3 39. Ne4 Kg2 40. Rd1 Rb7 41. f4 f5 42. Ng5 h6 0-1

[Event "Late-Titled-Tuesday-Blitz-April-02-2024"]
[Site "Chess.com"]
[Date "2024.04.02"]
[Round "11"]
[White "Durarbayli"]
[Black "TanitoluwaAps116"]
[Result "1-0"]
[WhiteElo "2918"]
[BlackElo "2791"]
[TimeControl "180+1"]
[EndTime "16:03:58 PDT"]
[Termination "Durarbayli won by checkmate"]

1. d4 Nf6 2. c4 e6 3. Nc3 Bb4 4.
f3 d5 5. a3 Bxc3+ 6. bxc3 O-O 7. cxd5 exd5 8. e3 b6 9. Ne2 Ba6 10. Nf4 Bxf1 11. Kxf1 c5 12. g4 cxd4 13. cxd4 Nc6 14.
Bd2 Qd6 15. Qb3 Rac8 16. g5 Nd7 17. Qxd5 Qe7 18. h4 Rfd8 19. Qe4 Qd6 20. Kg2 Nc5 21. Qb1 Nxd4 22. exd4 Qxd4 23. Ra2 Qc4 24. Kg3 Nb3 25. Be3 Re8 26. Re1 Nd4 27. Bxd4 Qxd4 28. Rxe8+ Rxe8 29. Qc1 h6 30. gxh6 Qd6 31. hxg7 Re6 32. Kh3 Rf6 33.
Qc8+ Kxg7 34. Nh5+ Kg6 35. Qg4+ Kh6 36. Qg5+ Kh7 37.
Qg7# 1-0

[Event "Late-Titled-Tuesday-Blitz-April-02-2024"]
[Site "Chess.com"]
[Date "2024.04.02"]
[Round "11"]
[White "Savagelittlemole"]
[Black "manitodeplomo"]
[Result "0-1"]
[WhiteElo "2496"]
[BlackElo "2633"]
[TimeControl "180+1"]
[EndTime "16:04:05 PDT"]
[Termination "manitodeplomo won on time"]

1. e4 c5 2. Ne2 Nc6 3. g3 Nf6 4. Bg2 e5 5. O-O d5 6. exd5 Nxd5 7. Nbc3 Be6 8. d3 Be7 9. f4 exf4 10. Bxd5 Bxd5 11.
Nxf4 Be6 12. Nxe6 fxe6 13. Qh5+ g6 14. Qe2 Qd7 15. Be3 O-O-O 16. Ne4 b6 17. a4 Rhf8 18.
b4 cxb4 19. Kh1 Qd5 20. Qg2 Rxf1+ 21. Rxf1 Rf8 22. Rxf8+ Bxf8 23. Qf3 Be7 24. Qf7 Qa2 25. Qe8+ Kc7 26. Bf4+ e5 27. Bxe5+ Nxe5 28. Qxe7+ Nd7 29.
Qd6+ Kc8 30. Qc6+ Kd8 31. Nd6 Qe6 32. d4 Ke7 33. Nc8+ Kf6 34. Qf3+ Qf5 35. Qxf5+ Kxf5 36. Nxa7 Ke4 37. Nc6 Kd5 38. Nxb4+ Kxd4 39. a5 bxa5 40.
Nc6+ Kc3 41. Nxa5 Kxc2 42. Kg2 Kd3 43. Kf3 Kd4 44. Kf4 h6 0-1

[Event "Late-Titled-Tuesday-Blitz-April-02-2024"]
[Site "Chess.com"]
[Date "2024.04.02"]
[Round "11"]
[White "PhileKhoob"]
[Black "Cambek64"]
[Result "0-1"]
[WhiteElo "2289"]
[BlackElo "2508"]
[TimeControl "180+1"]
[EndTime "16:04:06 PDT"]
[Termination "Cambek64 won on time"]

1. Nf3 d5 2. g3 c6 3. Bg2 Bg4 4.
Ne5 Bf5 5. c4 dxc4 6. O-O e6 7.
Nc3 Nf6 8. Nxc4 Be7 9. d4 O-O 10. b3 Nbd7 11. Bb2 h6 12. e4 Bh7 13. Qe2 a5 14.
Rfd1 Nb6 15. a3 Re8 16. Rac1 Nfd7 17. Ne3 a4 18. b4 Qb8 19. Kh1 Nf6 20. f4 Qa7 21.
Qf1 Rad8 22. f5 exf5 23. Nxf5 Bxf5 24. Qxf5 Nc4 25. e5 Nxb2 26. exf6 Bxf6 27. Re1 Rxe1+ 28.
Rxe1 Qxd4 29. Ne4 Nd3 30. Rd1 Be7 31. Rf1 Rf8 32. Nd2 Ne5 33. Ne4 Nc4 34. Re1 Nxa3 35. Nf2 Bxb4 36. Ng4 Bxe1 37. Nxh6+ gxh6 38. Be4 Re8 39. Qh7+ Kf8 40. Qxh6+ Ke7 41. Qh4+ Kd6 42. Qf4+ Qe5 0-1

[Event "Late-Titled-Tuesday-Blitz-April-02-2024"]
[Site "Chess.com"]
[Date "2024.04.02"]
[Round "11"]
[White "NitaLucian"]
[Black "Jahonas"]
[Result "1-0"]
[WhiteElo "2370"]
[BlackElo "2476"]
[TimeControl "180+1"]
[EndTime "16:04:06 PDT"]
[Termination "NitaLucian won by checkmate"]

1. e4 c5 2. d3 e6 3. Nd2 Nf6 4. Ngf3 Nc6 5. g3 d5 6. Bg2 dxe4 7. dxe4 Be7 8. a3 O-O 9. e5 Nd5 10. c4 Nb6 11. O-O Bd7 12. b3 Qc7 13. Bb2 a5 14. a4 Nb4 15. Qe2 Bc6 16. Rac1 Rad8 17.
Bc3 Rd7 18. Rcd1 Rfd8 19. Nb1 Nc8 20. Rxd7 Rxd7 21. Na3 Na7 22. Nb5 Bxb5 23. axb5 Nc8 24. Ra1 h6 25. h4 Qd8 26. Nd2 Nb6 27. Rxa5 N6d5 28. Bxb4 cxb4 29. cxd5 Qxa5 30. d6 Bd8 31. f4 Bb6+ 32. Kh2 Qa2 33. Qd3 Rd8 34. Nc4 Bc5 35. Kh3 b6 36. h5 Qf2 37. Qf3 Qe1 38. g4 Bf2 39. g5 hxg5 40. fxg5 Bh4 41. g6 fxg6 42.
hxg6 Rf8 43. Qg4 Rf5 44. Qxh4 Qc3+ 45. Kh2 Rxe5 46. Qd8# 1-0

[Event "Late-Titled-Tuesday-Blitz-April-02-2024"]
[Site "Chess.com"]
[Date "2024.04.02"]
[Round "11"]
[White "elcala"]
[Black "HipsterChess22"]
[Result "0-1"]
[WhiteElo "1842"]
[BlackElo "2189"]
[TimeControl "180+1"]
[EndTime "16:04:06 PDT"]
[Termination "HipsterChess22 won on time"]

1. d4 d5 2. Nf3 e6 3. Bf4 c5 4.
c3 Nc6 5. e3 cxd4 6. exd4 f6 7.
Nbd2 g5 8. Bg3 h5 9. h3 Bd6 10. Bxd6 Qxd6 11. Bd3 Nge7 12. Qc2 Bd7 13. Bg6+ Kd8 14.
Bd3 Kc7 15. O-O-O Rac8 16. Rhe1 Kb8 17. Qb1 g4 18. Ng1 Nxd4 19. hxg4 hxg4 20. Ne2 Nxe2+ 21.
Rxe2 Nc6 22. Nb3 Rh2 23. g3 a5 24. a4 Nb4 25. Kd2 Bxa4 26. cxb4 Qxb4+ 27. Ke3 Bxb3 28. Red2 Bxd1 29. Qxd1 Qc5+ 30. Kf4 Rxf2+ 31. Kxg4 f5+ 32.
Kg5 Qe3+ 33. Kf6 Rxd2 34. Qa4 Rxd3 35. Qd7 Qh6+ 36. Ke5 Qe3+ 37. Kd6 Qc5+ 0-1

[Event "Late-Titled-Tuesday-Blitz-April-02-2024"]
[Site "Chess.com"]
[Date "2024.04.02"]
[Round "11"]
[White "Felix-Rose"]
[Black "PawnEatingZombie"]
[Result "0-1"]
[WhiteElo "2289"]
[BlackElo "2194"]
[TimeControl "180+1"]
[EndTime "16:04:07 PDT"]
[Termination "PawnEatingZombie won by checkmate"]

1. e4 c5 2. Nf3 Nc6 3. d4 cxd4 4.
Nxd4 e5 5. Nb5 d6 6. N1c3 a6 7.
Na3 Be7 8. Nc4 b5 9. Ne3 Nf6 10.
g3 h5 11. Bg2 h4 12. O-O hxg3 13. hxg3 Nd4 14. Ncd5 Bh3 15. c3 Nc6 16. a4 Rb8 17. axb5 axb5 18. Ra6 Qc8 19. Nxf6+ Bxf6 20. Ra2 Bxg2 21. Kxg2 Qh3+ 22. Kf3 Qh5+ 23. Ng4 Be7 24. Ke3 f5 25. exf5 Qxf5 26. Qf3 Qd7 27. Ra6 Rc8 28. Ke2 d5 29. Rh1 Rf8 30. Qg2 b4 31. f3 bxc3 32. bxc3 d4 33. cxd4 Nxd4+ 34. Kf1 Rxc1+ 35. Kf2 Rc2+ 36. Ke3 Rxg2 37. Ra8+ Bd8 38. Nxe5 Nf5+ 39. Kf4 Qd4# 0-1

[Event "Late-Titled-Tuesday-Blitz-April-02-2024"]
[Site "Chess.com"]
[Date "2024.04.02"]
[Round "11"]
[White "ImportedItalianMaple"]
[Black "rhwr"]
[Result "0-1"]
[WhiteElo "2509"]
[BlackElo "2324"]
[TimeControl "180+1"]
[EndTime "16:04:08 PDT"]
[Termination "rhwr won on time"]

1. e4 c5 2. Nf3 d6 3. Bb5+ Nd7 4. O-O a6 5. Bd3 Ngf6 6. c3 g6 7. Bc2 Bg7 8. d4 O-O 9. Re1 Rb8 10. e5 Ne8 11. e6 fxe6 12. Ng5 Ndf6 13. dxc5 d5 14. Bf4 Ra8 15. Be5 Bd7 16. Nd2 b6 17. cxb6 Qxb6 18. Ndf3 Ng4 19. Bd4 Bxd4 20. cxd4 Qxb2 21. Nxh7 Kxh7 22.
Rb1 Qxa2 23. Qe2 Qc4 24. Bd3 Qc7 25. Ng5+ Kg7 26. Qxg4 Qf4 27. Nxe6+ Bxe6 28. Qxe6 Qxf2+ 29. Kh1 Nf6 30. Rf1 Qxd4 31. Qxe7+ Rf7 32. Qe2 Rh8 33. h3 Re8 34. Qc2 Re3 35. Bxg6 Rfe7 0-1

[Event "Late-Titled-Tuesday-Blitz-April-02-2024"]
[Site "Chess.com"]
[Date "2024.04.02"]
[Round "11"]
[White "gorgeous1083"]
[Black "Doublekk14"]
[Result "0-1"]
[WhiteElo "2245"]
[BlackElo "2364"]
[TimeControl "180+1"]
[EndTime "16:04:09 PDT"]
[Termination "Doublekk14 won on time"]

1. d4 Nf6 2. c4 e6 3. Nf3 d5 4. Nc3 c5 5. cxd5 exd5 6. Bg5 Be7 7. dxc5 O-O 8. e3 Be6 9. b4 a5 10. a3 axb4 11. axb4 Rxa1 12. Qxa1 Nc6 13. Qb1 d4 14. exd4 Nxd4 15. Be2 Bf5 16. Bd3 Nxf3+ 17. gxf3 Bxd3 18. Qb3 Re8 19. Be3 Qd7 20. Rg1 Qf5 21. f4 Ng4 22.
Nd5 Bf8 23. Rxg4 Be4 24. Rg5 Qe6 25. Re5 Qc6 26. Nc3 Bf3 27. Rxe8 Qxe8 28. Qc4 Qd7 29. Qd4 Qc6 30. b5 Qe8 31. Nd5 Bxd5 32. Qxd5 Qxb5 33.
Bd4 Qc6 34. Qe5 Qe6 35. Qxe6 fxe6 36. Ke2 Kf7 0-1

[Event "Late-Titled-Tuesday-Blitz-April-02-2024"]
[Site "Chess.com"]
[Date "2024.04.02"]
[Round "11"]
[White "KorolDimitriy75"]
[Black "lilylg"]
[Result "0-1"]
[WhiteElo "2337"]
[BlackElo "2237"]
[TimeControl "180+1"]
[EndTime "16:04:10 PDT"]
[Termination "lilylg won on time"]

1. d4 d5 2. c4 e6 3. Nc3 c6 4. e3 f5 5. f4 Nf6 6. Nf3 Bd6 7. Be2 O-O 8. O-O Ne4 9. Ne5 Nd7 10.
Nxe4 fxe4 11. Qb3 Qe7 12. Bd2 Nf6 13. a3 Rb8 14. Bb4 Bd7 15. Bxd6 Qxd6 16. Qb4 Qc7 17.
Rfc1 Be8 18. h3 Bf7 19. Rc3 a5 20. Qb3 Nd7 21. Nxd7 Qxd7 22. Qb6 Ra8 23. Rac1 Ra6 24. Qb3 Raa8 25. Qb6 Rfb8 26. c5 a4 27. Rf1 Qd8 28. Qxd8+ Rxd8 29. Rfc1 h6 30. Kf2 g5 31. g3 Kg7 32.
R1c2 Rf8 33. Rc1 Be8 34. b4 Bd7 35. Rb1 Kf6 36. b5 gxf4 37. gxf4 Rg8 38. bxc6 Bxc6 0-1

[Event "Late-Titled-Tuesday-Blitz-April-02-2024"]
[Site "Chess.com"]
[Date "2024.04.02"]
[Round "11"]
[White "DrKerfuffle"]
[Black "combidharma"]
[Result "1-0"]
[WhiteElo "2822"]
[BlackElo "2851"]
[TimeControl "180+1"]
[EndTime "16:04:12 PDT"]
[Termination "DrKerfuffle won on time"]

1. e4 c5 2. Nf3 g6 3. h4 Nc6 4. h5 Bg7 5. Nc3 d6 6. Bc4 e6 7.
a3 Nge7 8. h6 Bf6 9. Ba2 d5 10. d3 Bxc3+ 11. bxc3 dxe4 12. Ng5 exd3 13. O-O Nf5 14. Ne4 f6 15. Nxc5 Qe7 16. Nxd3 e5 17.
Re1 Be6 18. Bxe6 Qxe6 19. Nc5 Qe7 20. Qd5 Rd8 21. Qc4 Qf7 22. Qxf7+ Kxf7 23. Nxb7 Rd5 24. c4 Rd4 25. Be3 Rxc4 26. Rad1 Rb8 27. Rd7+ Ke6 28. Rxh7 Nce7 29. Nc5+ Kd5 30. Nd7 Rd8 31. Nxf6+ Ke6 32.
Bg5 Rxc2 33. Ne4 Rd4 34. g4 Nd5 35. Rh8 Nd6 36. Ng3 Rxg4 37. Be3 Ne4 38. Re8+ Kf7 39.
Rxe5 Nxg3 40. Rxd5 Ne2+ 41. Kh1 Nc3 42. Rd7+ Ke6 43.
Rd4 Ne4 44. h7 Rh4+ 45. Kg2 Kf5 46. Rxe4 Kxe4 47. Bh6+ Kf5 48. h8=Q Rg4+ 49. Kf3 Rc3+ 50. Re3 1-0

[Event "Late-Titled-Tuesday-Blitz-April-02-2024"]
[Site "Chess.com"]
[Date "2024.04.02"]
[Round "11"]
[White "OlaaLa"]
[Black "Bilan_Danila"]
[Result "1-0"]
[WhiteElo "2435"]
[BlackElo "2540"]
[TimeControl "180+1"]
[EndTime "16:04:14 PDT"]
[Termination "OlaaLa won on time"]

1. c4 c6 2. e3 d5 3. d4 Nf6 4.
Qc2 e6 5. Nf3 Bd7 6. Bd3 Bd6 7.
O-O c5 8. cxd5 Nxd5 9. dxc5 Nb4 10. Qb3 Nxd3 11. Qxd3 Bxc5 12. Qc3 Bf8 13. Rd1 Qc8 14. Qe5 Nc6 15. Qg3 g6 16. Ne5 Nxe5 17. Qxe5 Rg8 18. Nc3 Bg7 19. Qd6 Qc6 20. Qa3 Bf8 21. Qb3 O-O-O 22.
e4 Qb6 23. Qc2 Bc6 24. Be3 Bc5 25. Nd5 exd5 26. Bxc5 Qc7 27. Bxa7 dxe4 28. Rdc1 Rd3 29.
Be3 Rgd8 30. h3 f5 31. g3 Rxe3 32. fxe3 Qxg3+ 33. Qg2 Qxe3+ 34. Qf2 Qxf2+ 35. Kxf2 Rd2+ 36. Ke3 Rxb2 37. a4 Rb3+ 38. Kd4 e3 39. a5 e2 40. a6 Kb8 41. a7+ Ka8 42. Re1 Rb2 43. Kc3 Rb5 44.
Rxe2 Rc5+ 45. Kb4 Rb5+ 46. Kc4 Rd5 47. Re8+ Bxe8 48. Kxd5 f4 49. Kc5 f3 50. Kb6 Bc6 51.
Re1 1-0

[Event "Late-Titled-Tuesday-Blitz-April-02-2024"]
[Site "Chess.com"]
[Date "2024.04.02"]
[Round "11"]
[White "MikaelyanArman"]
[Black "AryanTari"]
[Result "0-1"]
[WhiteElo "2819"]
[BlackElo "2976"]
[TimeControl "180+1"]
[EndTime "16:04:16 PDT"]
[Termination "AryanTari won by resignation"]

1. e3 Nf6 2. b3 c5 3. Bb2 Nc6 4. Nf3 d5 5. Bb5 g6 6. Bxc6+ bxc6 7. O-O Bg7 8. Nc3 O-O 9. Na4 c4 10. Qe2 Ba6 11. Nc5 Bb5 12. d3 Qa5 13. a4 Ba6 14.
Bd4 cxd3 15. cxd3 Bc8 16. Ne5 Qc7 17. Rac1 a5 18. f4 Ba6 19. Qf3 Rfc8 20. Rc2 Ne8 21. Qh3 Nd6 22. f5 Nxf5 23. Rxf5 gxf5 24. Qxf5 Rf8 25. Qg4 Bc8 26. Qg3 f6 27. Ne6 Bxe6 28. Rxc6 Qb7 29. Rb6 Qc8 30. Rc6 Qe8 31. Rxe6 fxe5 32. Bxe5 Qf7 33. h4 Kh8 34. Kh2 Rg8 35. Rh6 Bxe5 36. Qxe5+ Qg7 37. Re6 Qxe5+ 38. Rxe5 Rgb8 39.
Rxd5 Rxb3 40. h5 Rb4 41. h6 Rxa4 42. Kg3 Rb4 43. Kf3 a4 44. g4 a3 0-1

[Event "Late-Titled-Tuesday-Blitz-April-02-2024"]
[Site "Chess.com"]
[Date "2024.04.02"]
[Round "11"]
[White "APOKALIPSA13"]
[Black "Koalaskakistis"]
[Result "0-1"]
[WhiteElo "2317"]
[BlackElo "2546"]
[TimeControl "180+1"]
[EndTime "16:04:17 PDT"]
[Termination "Koalaskakistis won on time"]

1. e4 c5 2. Nf3 Nc6 3. d4 cxd4 4. Nxd4 Nf6 5. Nxc6 bxc6 6. Nc3 e5 7. Bg5 h6 8. Bxf6 Qxf6 9. a3 Bc5 10. Qd2 Rb8 11.
Na4 Be7 12. O-O-O Qg6 13. Kb1 Qxe4 14. Nc3 Qf4 15. Qxf4 exf4 16. Re1 d5 17. Bd3 Be6 18. Ka1 Kd7 19. Na4 c5 20. Rd1 Kc6 21. Rhe1 Bf6 22.
Be2 Rhd8 23. g3 fxg3 24. hxg3 c4 25. Ka2 d4 26. Bf3+ Kb5 27. b3 cxb3+ 28. cxb3 Rdc8 29. Rc1 Bxb3+ 30. Kxb3 Ka5+ 31. Ka2 Kxa4 32. Bc6+ Ka5 33.
Rc5+ Kb6 34. Rec1 a6 35. R5c4 Ka7 36. a4 d3 37. Bf3 Rxc4 38. Rxc4 Rb2+ 39. Ka3 Rxf2 0-1